 Dungeon Crawl Stone Soup version 0.18-a0-822-gb52b7b4 (webtiles) character file.

16949 M4edhros the Covert (level 12, -3/61 HPs)
             Began as an Octopode Artificer on Dec 15, 2015.
             Was a Believer of Fedhas.
             Slain by a flying skull (5 damage)
             ... on level 2 of the Abyss on Dec 16, 2015.
             The game lasted 00:44:46 (15677 turns).

M4edhros the Covert (Octopode Artificer)           Turns: 15677, Time: 00:44:47

Health: -3/61      AC:  2    Str: 11    XL:     12   Next: 42%
Magic:  27/27      EV: 18    Int: 18    God:    Fedhas [**....]
Gold:   377        SH: 17    Dex: 20    Spells: 1 memorised, 14 levels left

rFire  + . .     SeeInvis .     i - +7 trident "Grom" {drain, rC+ Stlth+}
rCold  + . .     Gourm    .     s - +2 large shield
rNeg   . . .     Faith    .     (helmet restricted)
rPois  .         Spirit   .     D - amulet of regeneration
rElec  .         Dismiss  .     g - +2 ring of dexterity
rCorr  .         Reflect  .     S - ring of protection from fire
SustAt .         Harm     .     p - ring of magical power
MR     .....                    n - ring of flight
Stlth  +++++++++.               (no ring)
                                (no ring)
                                (no ring)
                                (no ring)

@: agile, very slightly contaminated, hasted, very quick, not resistant to
hostile enchantments, incredibly stealthy
A: almost no armour, amphibious, 8 rings, constrict 8, camouflage 1, blurry
vision 3, frail 1, screaming 2, shaggy fur 1, gelatinous body 1, subdued magic 2
a: Evolution, Sunlight, Renounce Religion, Evoke Flight


You were on level 2 of the Abyss.
You worshipped Fedhas.
Fedhas was pleased with you.
You were hungry.

You visited 2 branches of the dungeon, and saw 13 of its levels.
You visited the Abyss 1 time.

You collected 789 gold pieces.
You spent 412 gold pieces at shops.

Inventory:

Hand Weapons
 a - a +0 short sword
 i - the +7 trident "Grom" (weapon) {drain, rC+ Stlth+}
   (You bought it in a shop on level 5 of the Dungeon)

   A truly terrible weapon, it drains the life of those it strikes.
   It protects you from cold.
   It makes you more stealthy.
 m - a +3 hunting sling of freezing
 Q - a +1 eveningstar of protection
Missiles
 j - 74 sling bullets
 q - 173 stones (quivered)
Armour
 s - a +2 large shield (worn)
Jewellery
 g - a +2 ring of dexterity (left tentacle)
 n - a ring of flight (on tentacle)
 p - a ring of magical power (on tentacle)
 D - an amulet of regeneration (around mantle)
 E - an uncursed amulet of resist corrosion
 K - a +4 amulet of reflection
 S - a ring of protection from fire (right tentacle)
Wands
 c - a wand of enslavement (5)
 o - a wand of random effects (4)
 x - a wand of cold (0)
 A - a wand of invisibility (0)
 B - a wand of frost (25)
 M - a wand of enslavement (11)
 N - a wand of polymorph (5)
 O - a wand of teleportation (4)
Scrolls
 d - 2 scrolls of remove curse
 k - a scroll of magic mapping
 t - 2 scrolls of torment
 v - 3 scrolls of fear
 z - 3 scrolls of teleportation
 F - 2 scrolls of fog
 H - a scroll of identify
 R - a scroll of enchant weapon
Potions
 e - 2 potions of flight
 G - a potion of experience
Books
 h - a Young Poisoner's Handbook

   Spells                             Type                      Level
   a - Sting                          Conjuration/Poison           1
   b - Cure Poison                    Poison                       2
   c - Mephitic Cloud                 Conjuration/Poison/Air       3
   d - Olgreb's Toxic Radiance        Poison                       4
   e - Venom Bolt                     Conjuration/Poison           5
 y - a book of Annihilations

   Spells                             Type                      Level
   a - Poison Arrow                   Conjuration/Poison           6
   b - Chain Lightning                Conjuration/Air              8
   c - Lehudib's Crystal Spear        Conjuration/Earth            8
   d - Glaciate                       Conjuration/Ice              9
   e - Fire Storm                     Conjuration/Fire             9
 C - a book of Cantrips

   Spells                             Type                      Level
   a - Corona                         Hexes                        1
   b - Animate Skeleton               Necromancy                   1
   c - Summon Small Mammal            Summoning                    1
   d - Apportation                    Translocation                1
 J - a book of Summonings

   Spells                             Type                      Level
   a - Recall                         Summoning/Translocation      3
   b - Aura of Abjuration             Summoning                    5
   c - Shadow Creatures               Summoning                    5
   d - Summon Demon                   Summoning                    5
   e - Summon Forest                  Summoning/Translocation      5
   f - Summon Mana Viper              Hexes/Summoning              5
 P - a book of Maledictions

   Spells                             Type                      Level
   a - Corona                         Hexes                        1
   b - Ensorcelled Hibernation        Hexes/Ice                    2
   c - Confuse                        Hexes                        3
   d - Tukima's Dance                 Hexes                        3
   e - Dazzling Spray                 Conjuration/Hexes            3
Miscellaneous
 I - a lamp of fire (inert)
Comestibles
 f - 5 bread rations
 l - 6 beef jerkies
 r - 12 fruits


   Skills:
 - Level 1.0 Fighting
 - Level 1.0 Short Blades
 * Level 6.1 Polearms
 * Level 7.6 Slings
 + Level 6.0 Dodging
 * Level 12.5 Stealth
 * Level 7.7 Shields
 - Level 3.0 Spellcasting
 - Level 3.1 Conjurations
 - Level 3.1 Air Magic
 - Level 4.0 Poison Magic
 * Level 6.7 Invocations
 - Level 8.1 Evocations


You had 14 spell levels left.
You knew the following spells:

 Your Spells              Type           Power        Failure   Level  Hunger
a - Mephitic Cloud        Conj/Pois/Air  #.......     75%         3    ###....


Dungeon Overview and Level Annotations

Branches:
Dungeon (12/15)            Temple (1/1) D:7            Lair (0/8) D:9
    Orc (0/2) D:9

Altars:
Ashenzari
Cheibriados
Dithmenos
Elyvilon
Fedhas
Gozag
Kikubaaqudgha
Makhleb
Nemelex Xobeh
Okawaru
Pakellas
Qazlal
Ru
Sif Muna
Trog
Vehumet
Xom
Yredelemnul
Zin
The Shining One
Lugonu

Shops:
D:5 (   D:7 !   D:8 ?


Innate Abilities, Weirdness & Mutations

You cannot wear most types of armour.
You are amphibious.
You can wear up to eight rings at the same time.
You can use your tentacles to constrict eight enemies at once.
Your skin changes colour to match your surroundings (Stealth).
Your rubbery body absorbs attacks (AC +1).
Scrolls take you much longer to read.
You are frail (-10% HP).
You sometimes yell uncontrollably at your foes.
You are covered in fur (AC +1).
Your spells are easier to cast, but less powerful.


Message History

Your grab misses the flying skull.
You squeeze the flying skull, but do no damage.
The flying skull is almost destroyed.
Your fire elemental hits the flying skull.
Your fire elemental burns the flying skull!
The flying skull resists.
The flying skull hits your fire elemental!
You block the flying skull's attack.
Unknown command.
Unknown command.
Attack whom?
Press: ? - help, Dir - move target cursor, f/p - flying skull
Aim: a flying skull (almost destroyed)
Your shield prevents you from hitting the flying skull.
Your grab misses the flying skull.
The flying skull is almost destroyed.
The flying skull completely misses your fire elemental.
The flying skull hits you.
You die...
Fedhas appreciates your contribution to the ecosystem.

.#.###########
.ยง.E..z@.....##
####
##z#########....
...# .... . .#
####.# . #.. .
........#.# ..
## #..z..# ...
.## .##### ...#
# # .. . .#. #.
z.#...... .# ##.
.....#. #.


You could see 2 flying skulls and a friendly fire elemental.

Vanquished Creatures
  A hydra (D:11)
  Erolcha (D:9)
  A hill giant (D:11)
  Pikel (D:7)
  An ugly thing (D:11)
  A cyclops (D:11)
  A wandering mushroom (D:11)
  A moth of wrath (D:11)
  Joseph (D:8)
  Maurice (D:8)
  A gargoyle (D:12)
  Psyche (D:10)
  3 kobold demonologists (D:11)
  2 trolls
  3 flying skulls (Abyss:2)
  3 yaks (D:10)
  Eustachio (D:6)
  A wyvern (D:11)
  2 hippogriffs
  A water moccasin (D:6)
  6 orc warriors
  An eye of draining (D:9)
  3 phantoms
  An ogre (D:7)
  A sky beast (D:7)
  4 ice beasts
  A black bear (D:6)
  The ghost of nublet the Insei, an amateur DsTm (D:3)
  5 centaurs
  A big kobold (D:12)
  2 crocodiles (D:9)
  7 giant frogs
  A scorpion (D:8)
  11 wights
  7 killer bees
  6 crimson imps
  5 orc priests
  3 jellies
  6 orc wizards
  3 centaur skeletons
  A giant frog skeleton (D:10)
  3 iguanas
  12 worker ants
  Crazy Yiuf (D:7)
  Jessica (D:2)
  7 hounds
  A gnoll shaman (D:10)
  A killer bee zombie (D:8)
  3 hound skeletons
  A worker ant zombie (D:5)
  8 adders
  6 gnolls
  A river rat (D:9)
  3 shadow imps
  2 oozes (D:6)
  4 adder skeletons
  2 worms
  6 giant geckos
  29 orcs
  9 bats
  7 giant cockroaches
  5 goblins
  5 hobgoblins
  9 jackals
  5 kobolds
  2 quokkas
  A ball python (D:4)
  A giant cockroach zombie (D:5)
  A giant gecko skeleton (D:5)
  3 giant newts
  2 quokka skeletons (D:6)
  14 rats
  A spectral orc (D:6)
  A fungus (D:9)
261 creatures vanquished.

Vanquished Creatures (collateral kills)
  The ghost of crawlian the Geomancer, a novice DEEE of Vehumet (D:10)
  3 hill giants
  A deep elf mage (D:9)
  An ugly thing (D:11)
  2 manticores
  A troll (D:11)
  A komodo dragon (shapeshifter) (D:11)
  6 slime creatures (D:12)
  2 yaks (D:12)
  A water moccasin (D:12)
  2 hungry ghosts
  A sky beast (D:8)
  A centaur (D:7)
  A crocodile (D:12)
  A wight (D:12)
  5 killer bees
  A giant frog skeleton (D:9)
  3 jackals
  A kobold (D:12)
  2 bats (D:9)
  3 rats (D:9)
40 creatures vanquished.

Vanquished Creatures (others)
  11 wandering mushrooms
  A cyclops (D:11)
  A worker ant (D:7)
  An orc (D:6)
  A jackal (D:4)
  A demonic plant (D:11)
  2 fungi (D:9)
  4 plants
  137 toadstools
159 creatures vanquished.

Grand Total: 460 creatures vanquished

Notes
Turn   | Place    | Note
--------------------------------------------------------------
     0 | D:1      | M4edhros the Octopode Artificer began the quest for the Orb.
     0 | D:1      | Reached XP level 1. HP: 13/13 MP: 3/3
    68 | D:1      | Reached XP level 2. HP: 18/18 MP: 4/4
   375 | D:2      | Noticed Jessica
   381 | D:2      | Killed Jessica
   381 | D:2      | Reached skill level 4 in Evocations
   381 | D:2      | Reached XP level 3. HP: 19/23 MP: 4/6
   386 | D:2      | HP: 1/23 [gnoll/enchanted whip (11)]
   387 | D:2      | Reached XP level 4. HP: 1/28 MP: 4/7
   634 | D:2      | Upgraded the game from 0.18-a0-816-g97f838e to 0.18-a0-822-gb52b7b4
  1095 | D:3      | Noticed nublet's ghost (amateur DsTm)
  1113 | D:3      | Killed nublet's ghost
  1113 | D:3      | Reached skill level 5 in Stealth
  1113 | D:3      | Reached skill level 5 in Evocations
  1113 | D:3      | Reached XP level 5. HP: 33/33 MP: 8/8
  1563 | D:4      | Noticed a centaur
  1575 | D:4      | Killed a centaur
  1575 | D:4      | Reached skill level 6 in Stealth
  1575 | D:4      | Reached XP level 6. HP: 11/38 MP: 10/10
  1882 | D:4      | Found a shadowy altar of Dithmenos.
  1885 | D:4      | Found a shattered altar of Ashenzari.
  1900 | D:4      | Learned a level 3 spell: Mephitic Cloud
  1924 | D:4      | Found a radiant altar of Vehumet.
  2725 | D:4      | Found a burning altar of Makhleb.
  2824 | D:5      | Entered Level 5 of the Dungeon
  2824 | D:5      | Found a sparkling altar of Nemelex Xobeh.
  3098 | D:4      | Reached skill level 1 in Poison Magic
  3141 | D:5      | Reached XP level 7. HP: 32/43 MP: 11/11
  3236 | D:5      | Reached skill level 1 in Spellcasting
  3245 | D:5      | Reached skill level 1 in Air Magic
  3254 | D:5      | Reached skill level 1 in Slings
  3310 | D:5      | Reached skill level 7 in Stealth
  3562 | D:5      | Found a bloodstained altar of Trog.
  3792 | D:5      | Found Korud's Antique Weapon Emporium.
  3798 | D:5      | Bought a transparent trident for 170 gold pieces
  3798 | D:5      | Identified the +7 trident "Grom" {drain, rC+ Stlth+} (You bought it in a shop on level 5 of the Dungeon)
  3939 | D:5      | Found a glowing golden altar of the Shining One.
  4257 | D:6      | Reached skill level 1 in Shields
  4257 | D:6      | Reached skill level 1 in Conjurations
  4299 | D:6      | Found a basalt altar of Yredelemnul.
  4328 | D:6      | Noticed Eustachio
  4339 | D:6      | Killed Eustachio
  4339 | D:6      | Reached XP level 8. HP: 36/48 MP: 12/12
  5196 | D:6      | Reached skill level 8 in Stealth
  5318 | D:6      | Reached XP level 9. HP: 40/53 MP: 14/14
  5659 | D:6      | Gained mutation: You are covered in fur (AC +1). [potion of beneficial mutation]
  5730 | D:7      | Noticed Pikel
  6078 | D:7      | Found a staircase to the Ecumenical Temple.
  6082 | Temple   | Entered the Ecumenical Temple
  6252 | Temple   | Became a worshipper of Xom of Chaos
  6527 | D:8      | XOM: silly message
  6580 | D:8      | Found a blossoming altar of Fedhas.
  6592 | D:8      | Fell from the grace of Xom
  6592 | D:8      | Became a worshipper of Fedhas Madash
  6641 | D:8      | Found Desoaxzo's Magic Scroll Emporium.
  6644 | D:8      | Bought a scroll of enchant weapon for 97 gold pieces
  6644 | D:8      | Bought a scroll of fog for 26 gold pieces
  6644 | D:8      | Bought a scroll of remove curse for 39 gold pieces
  6657 | D:8      | Found a glowing silver altar of Zin.
  6674 | D:8      | Noticed Maurice
  6699 | D:8      | Killed Maurice
  6906 | D:8      | XOM: summons 7 hostile demons
  6907 | D:8      | Noticed an ice devil
  6919 | D:8      | Noticed Joseph
  6940 | D:8      | HP: 2/53 [Joseph/sling bullet (12)]
  7341 | D:7      | XOM: summons 2 hostile shadow creatures
  7511 | D:7      | XOM: medium Summ miscast
  7545 | Temple   | XOM: mild Chrm miscast
  7695 | D:8      | Killed Joseph
  7695 | D:8      | Reached skill level 9 in Stealth
  7758 | D:8      | XOM: give mutations
  7758 | D:8      | Gained mutation: You have a pair of small antennae on your head. [Xom's mischief]
  7758 | D:8      | Lost mutation: You have a pair of small antennae on your head. [Xom's mischief]
  7758 | D:8      | Gained mutation: Scrolls take you a little longer to read. [Xom's mischief]
  7758 | D:8      | Gained mutation: Scrolls take you longer to read. [Xom's mischief]
  8578 | D:2      | XOM: medium Trmt miscast
  9055 | D:6      | XOM: severe Ice miscast
  9156 | D:7      | Reached * piety under Fedhas
  9167 | D:7      | XOM: summons 3 hostile shadow creatures
  9502 | D:7      | Killed Pikel
  9502 | D:7      | Reached skill level 1 in Polearms
  9502 | D:7      | Reached skill level 1 in Invocations
  9502 | D:7      | Reached XP level 10. HP: 58/58 MP: 16/16
  9510 | D:7      | XOM: give mutations
  9510 | D:7      | Gained mutation: Your spells are a little easier to cast, but a little less powerful. [Xom's mischief]
  9510 | D:7      | Gained mutation: You occasionally shout uncontrollably at your foes. [Xom's mischief]
  9522 | D:7      | Found Kuerph's Distillery.
  9538 | D:7      | Bought a potion of heal wounds for 80 gold pieces
  9672 | D:7      | Noticed Crazy Yiuf
  9677 | D:7      | Killed Crazy Yiuf
 10028 | D:8      | Reached skill level 10 in Stealth
 10170 | D:8      | Gained mutation: Your spells are easier to cast, but less powerful. [mutagenic meat]
 10201 | D:9      | Found a staircase to the Orcish Mines.
 10260 | D:9      | Noticed Erolcha
 10277 | D:9      | XOM: summons 2 hostile demons
 10342 | D:9      | Noticed a deep elf mage
 10358 | D:9      | Killed a deep elf mage
 10383 | D:9      | Reached skill level 5 in Shields
 10553 | D:9      | Reached skill level 5 in Slings
 10573 | D:9      | XOM: summons 4 hostile shadow creatures
 10678 | D:9      | Reached ** piety under Fedhas
 10685 | D:9      | Noticed a hill giant
 10696 | D:9      | Killed a hill giant
 10722 | D:9      | Killed Erolcha
 10812 | D:9      | Reached skill level 11 in Stealth
 10812 | D:9      | Reached XP level 11. HP: 63/63 MP: 17/17
 10880 | D:9      | Found a staircase to the Lair.
 10906 | D:10     | Entered Level 10 of the Dungeon
 11003 | D:10     | XOM: summons 5 hostile demons
 11057 | D:10     | Noticed crawlian's ghost (novice DEEE)
 11065 | D:10     | Killed crawlian's ghost
 11310 | D:10     | XOM: give mutations
 11310 | D:10     | Gained mutation: You sometimes yell uncontrollably at your foes. [Xom's mischief]
 11310 | D:10     | Gained mutation: Scrolls take you much longer to read. [Xom's mischief]
 11405 | D:10     | XOM: polymorph wandering mushroom -> wandering mushroom
 11693 | D:10     | Noticed a hill giant
 11703 | D:10     | Killed a hill giant
 11843 | D:10     | XOM: noise
 11921 | D:10     | Noticed Psyche
 11929 | D:10     | Killed Psyche
 12244 | D:11     | Reached skill level 5 in Invocations
 12277 | D:11     | XOM: summons 5 hostile demons
 12401 | D:11     | Reached skill level 5 in Dodging
 12402 | D:11     | Noticed a hill giant
 12429 | D:11     | Killed a hill giant
 12854 | D:11     | Noticed a sun demon
 12881 | D:11     | Reached skill level 5 in Polearms
 12893 | D:11     | Found a corrupted altar of Lugonu.
 13070 | D:11     | Noticed an eight-headed hydra
 13079 | D:11     | Killed an eight-headed hydra
 13098 | D:11     | XOM: summons 1 hostile shadow creature
 13560 | D:11     | Reached skill level 12 in Stealth
 13560 | D:11     | Reached XP level 12. HP: 37/68 MP: 18/18
 14030 | D:12     | XOM: give mutations
 14030 | D:12     | Lost mutation: You sometimes yell uncontrollably at your foes. [Xom's mischief]
 14030 | D:12     | Gained mutation: You sometimes yell uncontrollably at your foes. [Xom's mischief]
 14030 | D:12     | Gained mutation: You are frail (-10% HP). [Xom's mischief]
 14557 | D:12     | XOM: polymorph wandering mushroom -> shambling mangrove
 14669 | D:12     | XOM: medium Necr miscast
 14776 | D:12     | XOM: summons 3 hostile shadow creatures
 14946 | D:12     | XOM: summons 9 hostile demons
 15400 | D:12     | Cast into level 2 of the Abyss (Xom)
 15447 | Abyss:2  | Noticed a tentacled starspawn
 15614 | Abyss:2  | Noticed a thrashing horror
 15666 | Abyss:2  | XOM: noise
 15673 | Abyss:2  | HP: 2/61 [flying skull (12)]
 15677 | Abyss:2  | Slain by a flying skull

Vault maps used:
D:1:      dpeg_arrival_rooms_a, kennysheep_boxes
D:2:      uniq_jessica
D:4:      overflow_temple_1_default, lemuel_round_altar,
          grunt_temple_overflow_open, grunt_ministairs_1
D:5:      nemelex_xobeh_ov_fountains_minmay, tso_oasis_becter,
          lightli_temple_of_fire, serial_shops, kennysheep_mini, first_bread,
          corner_web_ring
D:6:      yredelemnul_forgotten_temple_becter, uniq_eustachio
D:7:      minmay_temple_entry_from_below_a, serial_shops, shop,
          uniq_crazy_yiuf_cottage, uniq_pikel
D:8:      lemuel_crystal_altar, lemuel_round_altar, serial_shops,
          nicolae_shop_behind_doors, uniq_joseph, uniq_maurice
D:9:      grunt_lair_entry_orc_guard_hut, orc_0_dummy, grunt_livestock,
          uniq_erolcha
D:10:     uniq_psyche
D:11:     kennysheep_kobold_lugonu_temple
D:12:     serial_shops, shop_coins
Temple:   roderic_octagonal_lattice_temple
Abyss:2:  evilmike_abyss_exit_12, hangedman_abyss_overflow_altar

Action                   |  1- 3 |  4- 6 |  7- 9 | 10-12 || total
-------------------------+-------+-------+-------+-------++-------
Melee: Short sword       |    35 |       |       |     1 ||    36
       Whip              |       |    90 |       |       ||    90
       Trident           |       |       |   254 |   337 ||   591
       Hunting sling     |       |       |     2 |       ||     2
 Fire: Hunting sling     |       |    28 |    62 |   228 ||   318
Invok: Evolution         |       |       |       |    17 ||    17
       Sunlight          |       |       |       |     3 ||     3
Evoke: Wand              |       |    15 |    31 |    16 ||    62
       Lamp of fire      |       |       |       |     2 ||     2
  Use: Scroll            |     1 |     3 |     8 |    10 ||    22
       Potion            |       |     6 |     4 |    10 ||    20
 Stab: Sleeping          |     4 |     9 |    24 |    26 ||    63
       Paralysed         |       |    15 |     6 |       ||    21
       Distracted        |       |       |     2 |     1 ||     3
       Confused          |       |       |     2 |     2 ||     4
  Eat: Chunk             |       |     1 |    11 |     2 ||    14
       Meat ration       |       |     1 |     1 |     1 ||     3
       Bread ration      |       |       |     1 |     4 ||     5
       Pizza             |       |       |     1 |       ||     1
       Beef jerky        |       |       |     1 |       ||     1
